AoeStats
← Enzocasla10

Arabia

507244741Analyzed
1v1 RM · 15d ago on Sep 17, 2026· 36m 37s· 2 players
Game mode
Random Map
Map size
Tiny (2 player)
Population
200
Speed
Normal
Resources
Standard
Victory
Conquest
Starting age
Dark Age
Ending age
Imperial Age
RankedLock teamsTeams togetherTeam positionsShared explorationLock speedFull tech treeHidden civsTurbo modeCheats
Victory
Defeat
🇨🇳 Mongols · China
1024
+17
🇦🇷 Ethiopians · Argentina
1048
-17
603337122
6:20 Loom
9:03 Feudal Age
12:03 Double-Bit Axe
15:17 Wheelbarrow
16:17 Horse Collar
20:46 Castle Age
20:14 Bloodlines
20:12 Scale Barding Armor
21:13 Forging
21:08 Light Cavalry
23:35 Chain Barding Armor
23:17 Heavy Plow
26:07 Hand Cart
28:28 Forging
28:53 Town Watch
29:14 Husbandry
38:51 Imperial Age
Enzocasla10
5:03 Loom
10:32 Feudal Age
11:06 Double-Bit Axe
17:20 Gold Mining
20:11 Fletching
23:42 Castle Age
23:38 Town Watch
23:45 Crossbowman
24:25 Bodkin Arrow
24:31 Padded Archer Armor
30:24 Leather Archer Armor
33:02 Thumb Ring
34:13 Ballistics
Connection lost

Rejoining the realm…

Still unreachable

The connection could not be restored.

Session expired

The server has moved on; the page needs a fresh start.